 Dungeon Crawl Stone Soup version 0.27-a0-1139-g28e009f8a6 (webtiles) character file.

Game seed: 17762053404792035476

4606 leviel the Cleaver (level 10, -8/96 HPs)
             Began as a Minotaur Fighter on May 7, 2021.
             Was a High Priest of Okawaru.
             Mangled by Grum
             ... wielding a -1 spear
              (16 damage)
             ... on level 9 of the Dungeon.
             The game lasted 00:16:36 (8227 turns).

leviel the Cleaver (Minotaur Fighter)               Turns: 8227, Time: 00:16:37

Health: -8/96      AC: 14    Str: 23 (24) XL:     10   Next: 19%
Magic:  9/9        EV: 10    Int:  3 (5)  God:    Okawaru [*****.]
Gold:   866        SH: 10    Dex:  7 (10) Spells: 9/9 levels left

rFire    . . .     SeeInvis .   a - +4 war axe
rCold    + . .     Faith    .   c - +0 kite shield
rNeg     . . .     Spirit   .   n - +2 ring mail "Obiub" {Will+}
rPois    .         Reflect  .   (helmet restricted)
rElec    .         Harm     .   (no cloak)
rCorr    .         Rampage  .   (no gloves)
Will     +....                  C - +1 pair of boots
Stlth    +.........             q - amulet of regeneration
HPRegen  1.26/turn              k - +4 ring of protection
MPRegen  0.11/turn              l - ring of protection from cold

@: studying Fighting
A: horns 2, retaliatory headbutt
a: Renounce Religion, Heroism, Finesse


You were on level 9 of the Dungeon.
You worshipped Okawaru.
Okawaru was extremely pleased with you.
You visited 2 branches of the dungeon, and saw 10 of its levels.
You also visited: Sewer and Ossuary.

You collected 866 gold pieces.

Inventory:

Hand Weapons
 a - a +4 war axe (weapon)
Missiles
 g - 41 poisoned darts (quivered)
 i - 2 curare-tipped darts
Armour
 c - a +0 kite shield (worn)
 n - the +2 ring mail "Obiub" (worn) {Will+}
   (You found it on level 5 of the Dungeon)

   It increases your willpower.
 C - a +1 pair of boots (worn)
Jewellery
 k - a +4 ring of protection (left hand)
 l - a ring of protection from cold (right hand)
 o - a ring of flight
 q - an amulet of regeneration (around neck)
 t - a +6 ring of strength
 y - a ring of positive energy
 F - a ring of fire
Wands
 b - a wand of acid (18)
 d - a wand of polymorph (10)
 A - a wand of paralysis (9)
 E - a wand of flame (38)
Scrolls
 h - 2 scrolls of teleportation
 B - 2 scrolls of enchant armour
Potions
 e - a potion of resistance
 f - a potion of berserk rage
 j - a potion of attraction {unknown}
 m - 3 potions of heal wounds {unknown}
 p - 2 potions of ambrosia {unknown}
 r - 2 potions of mutation {unknown}
 u - 15 potions of curing
 v - a potion of flight {unknown}
 w - 4 potions of brilliance
 x - 3 potions of degeneration
 D - a potion of cancellation {unknown}


   Skills:
 * Level 11.3 Fighting
 + Level 11.8 Axes
 + Level 7.1 Armour
 + Level 3.7 Dodging
 + Level 1.4 Stealth
 + Level 7.4 Shields


You had 9 spell levels left.
You didn't know any spells.
Your spell library contained the following spells:

 Spells                   Type           Power      Damage    Failure   Level
 Foxfire                  Conj/Fire      0%         2x1d4     94%         1
 Pain                     Necr           0%         1d4       94%         1
 Corpse Rot               Necr/Air       N/A        N/A       98%         2
 Sublimation of Blood     Necr           0%         N/A       98%         2
 Conjure Flame            Conj/Fire      0%         6-21      100%        3
 Inner Flame              Hex/Fire       0%         N/A       100%        3
 Vampiric Draining        Necr           0%         2d6       100%        3
 Sticky Flame             Conj/Fire      0%         2d3       100%        4
 Fireball                 Conj/Fire      0%         3d3       100%        5


Dungeon Overview and Level Annotations

Branches:
Dungeon (9/15)             Temple (1/1) D:7            Lair (0/6) D:9
  Sewer (visited)         Ossuary (visited)
    Orc: D:9-12

Altars:
Ashenzari
Cheibriados
Dithmenos
Elyvilon
Fedhas
Hepliaklqana
Kikubaaqudgha
Makhleb
Nemelex Xobeh
Okawaru
Qazlal
Sif Muna
Trog
Vehumet
Wu Jian
Xom
Zin

Annotations:
D:2 1 runed translucent door, Crazy Yiuf
D:5 3 runed translucent doors, HendSelp's ghost, novice GrFi
D:8 2 runed translucent doors, 2 transporters, noodleboyJ's ghost, novice HODe
D:9 Grum


Innate Abilities, Weirdness & Mutations

You have a pair of horns on your head.
You reflexively headbutt those who attack you in melee.


Message History

You slash the deep elf pyromancer zombie!
You feel very sick.
The deep elf pyromancer zombie hits you but does no damage.
The yak gores you but does no damage.
You closely miss the yak. Your headbutt misses the yak.
The yak is heavily wounded.
You barely miss the deep elf pyromancer zombie.
You feel sick.
The deep elf pyromancer zombie hits you.
You block the yak's attack.
You barely miss the yak.
The yak is heavily wounded.
You slash the deep elf pyromancer zombie!
You feel sick.
The deep elf pyromancer zombie hits you but does no damage.
You block the yak's attack.
You slice the yak!! You headbutt the yak.
You kill the yak!
Okawaru accepts your kill.
You barely miss the deep elf pyromancer zombie.
You feel sick.
The deep elf pyromancer zombie closely misses you.
You hit Grum. You headbutt Grum!
Grum is moderately wounded.
You slash the deep elf pyromancer zombie!
You feel sick. Grum hits you with a -1 spear!!
* * * LOW HITPOINT WARNING * * *
The deep elf pyromancer zombie misses you.
Grum misses you.
Okay, then.
Okay, then.
It was a potion of degeneration.
There was something very wrong with that liquid.
You feel weakened.
You feel dopey.
You feel clumsy.
You feel sick. Grum hits you but does no damage.
It was a potion of curing.
You feel better. Grum hits you with a -1 spear!
* * * LOW HITPOINT WARNING * * *
You block the deep elf pyromancer zombie's attack.
Grum hits you with a -1 spear!
You die...

#..# #...... #..# #....).
****########..# #......
,,,,..........#############))....
,,,,........................)....
*,,*############............)....
*,,* #Z################ *,,* #Z#
# *,,* #@# # *,,* #g# # *,,* #h#
#
*,,*******######.################
*,,,,,,,,...........".g.........[
,,,,,,,,,....?....S../...........
,,,,,,,,,.......!......Y....#####
,,,,*****######.###########.#
,,,,* #.* #.Y#****


You could see Grum (berserk), a wolf, an orc zombie and a deep elf pyromancer
zombie.

Vanquished Creatures
  Joseph (D:9)
  A troll (D:9)
  Prince Ribbit (D:6)
  Grinder (D:5)
  Sigmund (D:5)
  A wyvern (D:9)
  A yak (D:9)
  A steam dragon (D:7)
  Duvessa (D:5)
  A tengu zombie (D:7)
  3 water moccasins (D:9)
  An acid dragon (D:9)
  A two-headed ogre skeleton (D:6)
  An ice beast (D:7)
  An orc warrior (D:9)
  A sky beast (D:6)
  A manticore zombie (D:6)
  A wolf (D:9)
  2 ogres
  A manticore skeleton (D:6)
  A phantom (D:6)
  2 elf zombies (Ossuary)
  6 kobold brigands
  A bullfrog (D:9)
  A water moccasin zombie (Temple)
  2 cyclops skeletons
  A water moccasin skeleton (D:4)
  Dowan (D:5)
  A wyvern skeleton (D:8)
  A jelly (D:5)
  2 howler monkeys (D:8)
  4 centaur zombies
  2 bullfrog zombies
  A gnoll shaman (D:4)
  3 hounds
  A human zombie (Ossuary)
  4 orc priests
  3 centaur skeletons
  A bullfrog skeleton (D:7)
  Ijyb (D:5)
  4 iguanas
  6 orc wizards
  A scorpion zombie (D:5)
  A killer bee zombie (D:5)
  A sky beast zombie (Temple)
  A kobold zombie (D:7)
  An ogre skeleton (D:3)
  A hound zombie (D:5)
  3 hound skeletons (D:5)
  2 mummies (Ossuary)
  3 adders
  7 gnolls
  3 river rats (Sewer)
  A shadow imp (D:7)
  2 ufetubi (D:6)
  6 gnoll zombies
  A worm zombie (D:3)
  An adder skeleton (D:5)
  5 worms
  2 dart slugs
  29 orcs
  5 endoplasms
  3 giant cockroaches
  6 goblins
  2 hobgoblins
  2 jackals (D:2)
  5 quokkas
  6 ball pythons (Sewer)
  A ball python skeleton (D:6)
  2 ball python zombies (D:3)
  3 bats
  A frilled lizard (D:2)
  A giant cockroach zombie (D:3)
  3 goblin zombies
  2 hobgoblin zombies
  A jackal skeleton (D:4)
  27 kobolds
  3 orc skeletons
  6 orc zombies
  25 rats
247 creatures vanquished.

Vanquished Creatures (others)
  A wizard (D:8)
  6 fungi
  11 plants (D:9)
18 creatures vanquished.

Grand Total: 265 creatures vanquished

Notes
Turn   | Place    | Note
-------+----------+-------------------------------------------
     0 | D:1      | leviel the Minotaur Fighter began the quest for the Orb.
     0 | D:1      | Reached XP level 1. HP: 19/19 MP: 0/0
   283 | D:1      | Reached XP level 2. HP: 27/27 MP: 1/1
   341 | D:1      | Found a faded altar of an unknown god.
   350 | D:1      | Became a worshipper of Kikubaaqudgha
   350 | D:1      | Reached * piety under Kikubaaqudgha
   350 | D:1      | Identified Kikubaaqudgha's Guide on Stolen Souls
                  | (Kikubaaqudgha gifted it to you on level 1 of the Dungeon)
   350 | D:1      | Received a gift from Kikubaaqudgha
   597 | D:2      | Learned a level 1 spell: Pain
   722 | D:2      | Fell from the grace of Kikubaaqudgha
   774 | D:2      | Found a runed translucent door.
   777 | D:2      | Noticed Crazy Yiuf
   929 | D:2      | HP: 1/27 [gnoll/+0 spear (1)]
   943 | D:3      | Reached XP level 3. HP: 3/33 MP: 2/2
  1215 | D:2      | Reached XP level 4. HP: 40/40 MP: 3/3
  1438 | D:3      | Found a shimmering altar of Xom.
  2062 | D:3      | Found an iron altar of Okawaru.
  2070 | D:3      | Became a worshipper of Warmaster Okawaru
  2482 | D:4      | Found a shadowy altar of Dithmenos.
  2491 | D:4      | Reached skill level 5 in Axes
  2491 | D:4      | Reached XP level 5. HP: 46/46 MP: 4/4
  2964 | D:4      | Found a glowing drain.
  2978 | Sewer    | Entered a sewer
  3086 | Sewer    | Reached XP level 6. HP: 53/53 MP: 5/5
  3138 | Sewer    | Reached * piety under Okawaru
  3257 | Sewer    | Reached skill level 1 in Dodging
  3555 | D:4      | Reached skill level 5 in Fighting
  3582 | D:4      | Reached XP level 7. HP: 53/61 MP: 6/6
  4145 | D:5      | Entered Level 5 of the Dungeon
  4149 | D:5      | Reached ** piety under Okawaru
  4150 | D:5      | Reached skill level 5 in Shields
  4160 | D:5      | Noticed Grinder
  4186 | D:5      | Killed Grinder
  4187 | D:5      | Reached skill level 5 in Armour
  4206 | D:5      | Noticed Duvessa
  4206 | D:5      | Noticed Dowan
  4212 | D:5      | Reached XP level 8. HP: 62/70 MP: 7/7
  4220 | D:5      | Killed Dowan
  4228 | D:5      | Killed Duvessa
  4301 | D:5      | Found a white marble altar of Elyvilon.
  4351 | D:5      | Found a sand-covered staircase.
  4360 | Ossuary  | Entered an ossuary
  4487 | D:5      | Noticed Ijyb
  4500 | D:5      | Killed Ijyb
  4531 | D:5      | Identified a scroll of acquirement
  4531 | D:5      | Acquired a manual of Fighting
  4613 | D:5      | Noticed Sigmund
  4631 | D:5      | Killed Sigmund
  4704 | D:5      | Found a runed translucent gate.
  4704 | D:5      | Found a runed translucent gate.
  4704 | D:5      | Found a runed translucent gate.
  4709 | D:5      | Noticed HendSelp's ghost (novice GrFi)
  4804 | D:5      | Identified the +2 ring mail "Obiub" {Will+}
  5162 | D:6      | Reached *** piety under Okawaru
  5163 | D:6      | Reached skill level 1 in Stealth
  5277 | D:6      | Found a broken altar of Ashenzari.
  5568 | D:6      | Reached skill level 10 in Axes
  5774 | D:6      | Noticed Prince Ribbit
  5783 | D:6      | Killed Prince Ribbit
  5784 | D:6      | Reached XP level 9. HP: 74/81 MP: 8/8
  6206 | D:7      | Found a staircase to the Ecumenical Temple.
  6222 | Temple   | Entered the Ecumenical Temple
  6497 | D:7      | Found a radiant altar of Vehumet.
  6818 | D:7      | Found a burning altar of Makhleb.
  7101 | D:8      | Found a large runed translucent door.
  7101 | D:8      | Found a transporter.
  7103 | D:8      | Found a transporter.
  7108 | D:8      | Found a large runed translucent door.
  7108 | D:8      | Noticed noodleboyJ's ghost (novice HODe)
  7393 | D:8      | Noticed a brown ugly thing
  7395 | D:8      | Noticed a two-headed ogre
  7521 | D:8      | Reached skill level 10 in Fighting
  7666 | D:8      | Found a bloodstained altar of Trog.
  7695 | D:8      | Noticed a wizard
  7701 | D:8      | Killed a wizard
  7849 | D:9      | Noticed Joseph
  7868 | D:9      | Killed Joseph
  7868 | D:9      | Reached **** piety under Okawaru
  8143 | D:9      | Noticed a troll
  8151 | D:9      | Killed a troll
  8152 | D:9      | Reached XP level 10. HP: 84/96 MP: 9/9
  8187 | D:9      | Noticed Grum
  8218 | D:9      | Was forgiven by Kikubaaqudgha
  8220 | D:9      | Reached ***** piety under Okawaru
  8227 | D:9      | Mangled by Grum

Illustrated notes

Levels and vault maps discovered:
D:1:      dpeg_arrival_boxes_within_box, layout_basic,
          hellmonk_ecumenical_altar_heavens_door, minmay_misc_feat_plants
D:2:      layout_rooms, uniq_crazy_yiuf_cottage
D:3:      layout_loops_ring, lemuel_coloured_pillars_altar,
          general_overflow_altar, minmay_misc_feat_ornament,
          minmay_misc_feat_cross
D:4:      layout_loops_cross, nicolae_dithmenos_through_a_glass_darkly,
          cheibrodos_sewer_entry_drain
D:5:      layout_basic, lemuel_tele_altar, enter_ossuary_1, serial_corexii_hall,
          corexii_hall_statues_i, chequers_hall_statues_corner_a,
          gammafunk_ghost_necromancy, uniq_sigmund, uniq_duvessa, uniq_ijyb,
          uniq_grinder
D:6:      cheibrodos_quashed, layout_gridville, cheibrodos_ashenzari_chains,
          uniq_prince_ribbit1
D:7:      layout_basic, lightli_temple_of_fire, nicolae_vehumet_radiance,
          minmay_temple_entry_glass, chequers_serial_rivers_micro_c
D:8:      gammafunk_the_bubble [the_bubble_gammafunk_plus_minus], layout_basic,
          trog_wizard, ebering_ghost_disaster_area, nicolae_sextant,
          amcnicky_mini_pool_small
D:9:      layout_long_grid, yredelemnul_altar_generic, minmay_lair_entry_grove,
          uniq_grum, uniq_harold, uniq_joseph
Temple:   compressed_dpeg_triangle_lava_temple

Skill      XL: |  1  2  3  4  5  6  7  8  9 10 |
---------------+-------------------------------+-----
Armour         | 4 5 6 7 |  7.1
Fighting       | 4 5 8 11 | 11.3
Shields        | 4 5 6 7 |  7.4
Axes           | 4 5 6 7 8 10 11 | 11.8
Dodging        | 1 2 3 |  3.7
Stealth        | 1 |  1.4

Action                   |  1- 3 |  4- 6 |  7- 9 | 10-12 || total
-------------------------+-------+-------+-------+-------++-------
Melee: War axe           |    44 |   184 |   350 |    22 ||   600
       Headbutt          |     9 |    34 |    73 |     4 ||   120
Invok: Renounce Religion |     1 |       |       |       ||     1
       Heroism           |       |       |       |     1 ||     1
  Use: Potion            |     1 |       |     3 |     2 ||     6
       Scroll            |       |       |    15 |     5 ||    20
 Stab: Distracted        |       |       |     1 |       ||     1
Armor: Scale mail        |    21 |    92 |    64 |       ||   177
       Ring mail         |       |       |    87 |     8 ||    95
Dodge: Dodged            |    24 |    64 |   126 |    13 ||   227
Block: Kite shield       |    20 |    88 |   178 |    14 ||   300

Table legend: (Time is in decaauts)
 A = Elapsed time spent in this place.
 B = Non-inter-level travel time spent in this place.
 C = Inter-level travel time spent in this place.
 D = Time resting spent in this place.
 E = Time spent auto-exploring this place.
 F = Levels seen in this place.
 G = Mean time per level.
                   A        B        C        D        E       F      G
               +--------+--------+--------+--------+--------+-----+--------+
         Total |   8415 |   8070 |    345 |    396 |   6090 |  12 |  701.2 |
       Dungeon |   7425 |   7080 |    345 |    396 |   5411 |   9 |  825.0 |
        Temple |    247 |    247 |      0 |      0 |    213 |   1 |  247.0 |
         Sewer |    606 |    606 |      0 |      0 |    406 |   1 |  606.0 |
       Ossuary |    137 |    137 |      0 |      0 |     59 |   1 |  137.0 |
               +--------+--------+--------+--------+--------+-----+--------+

Top non-repeatable levels by time:
     D:3: 1397 daAuts
     D:4: 1125 daAuts
     D:6: 1056 daAuts
     D:5: 891 daAuts
     D:8: 770 daAuts
     D:7: 659 daAuts
   Sewer: 606 daAuts
     D:1: 593 daAuts
     D:2: 550 daAuts
     D:9: 380 daAuts
  Temple: 247 daAuts
 Ossuary: 137 daAuts
